AoeStats
← zlt1900

Arabia

509528530Analyzed
1v1 RM · 4d ago on Sep 27, 2026· 55m 53s· 2 players
Game mode
Random Map
Map size
Tiny (2 player)
Population
200
Speed
Normal
Resources
Standard
Victory
Conquest
Starting age
Dark Age
Ending age
Imperial Age
RankedLock teamsTeams togetherTeam positionsShared explorationLock speedFull tech treeHidden civsTurbo modeCheats
Victory
Defeat
🇨🇳 Aztecs · China
475
+14
🇨🇦 Cumans · Canada
440
-14
mazenhassan23
12:08 Feudal Age
20:29 Castle Age
26:06 Wheelbarrow
25:19 Town Watch
25:55 Bloodlines
27:15 Horse Collar
29:36 Squires
30:15 Hand Cart
34:54 Town Patrol
36:33 Man-at-Arms
37:47 Long Swordsman
42:06 Imperial Age
40:55 Gold Mining
40:56 Stone Mining
44:02 Chemistry
43:08 Murder Holes
44:09 Heavy Plow
45:16 Conscription
45:41 Hoardings
45:51 Crop Rotation
45:30 Elite Steppe Lancer
48:19 Two-Handed Swordsman
48:46 Elite Kipchak
50:03 Masonry
51:02 Champion
55:15 Padded Archer Armor
55:06 Fletching
55:26 Forging
55:17 Scale Mail Armor
zlt1900
6:04 Loom
12:11 Feudal Age
12:45 Double-Bit Axe
12:42 Horse Collar
22:18 Castle Age
20:30 Scale Mail Armor
20:40 Forging
21:22 Padded Archer Armor
21:12 Fletching
23:24 Bow Saw
24:59 Wheelbarrow
24:57 Squires
24:22 Elite Skirmisher
26:04 Pikeman
29:08 Crossbowman
30:22 Leather Archer Armor
30:02 Bodkin Arrow
30:06 Eagle Warrior
38:51 Imperial Age
39:08 Atlatl
39:00 Arson
40:26 Conscription
40:28 Garland Wars
41:25 Ballistics
42:06 Chemistry
41:45 Hand Cart
41:16 Town Watch
42:28 Chain Mail Armor
42:48 Iron Casting
43:05 Town Patrol
48:30 Arbalester
49:20 Bracer
49:55 Iron Casting
49:51 Plate Mail Armor
52:28 Blast Furnace
Connection lost

Rejoining the realm…

Still unreachable

The connection could not be restored.

Session expired

The server has moved on; the page needs a fresh start.